 Dungeon Crawl Stone Soup version 0.18-a0-1376-g7441944 (webtiles) character file.

5460 Minkie the Covert (level 10, -2/66 HPs)
             Began as a Vampire Enchanter on Feb 21, 2016.
             Was a Follower of Dithmenos.
             Slain by a queen ant (10 damage)
             ... on level 9 of the Dungeon.
             The game lasted 00:39:52 (8978 turns).

Minkie the Covert (Vampire Enchanter)               Turns: 8978, Time: 00:39:53

Health: -2/66      AC:  9    Str:  7    XL:     10   Next: 41%
Magic:  6/19       EV: 13    Int: 22    God:    Dithmenos [*.....]
Gold:   192        SH:  0    Dex: 14    Spells: 3 memorised, 15 levels left

rFire  . . .     SeeInvis +     a - +1 dagger
rCold  + + .     Gourm    .     A - +3 leather armour
rNeg   + + +     Faith    .     (no shield)
rPois  ∞         Spirit   .     i - +0 helmet
rElec  .         Dismiss  .     F - +0 cloak
rCorr  .         Reflect  .     (no gloves)
SustAt .         Harm     .     h - +0 pair of boots
MR     +....                    (no amulet)
Stlth  +++++++...               n - ring of wizardry
                                H - +5 ring of slaying

@: about to teleport, very slightly contaminated, bloodless, non-regenerating,
wreathed by umbra, somewhat resistant to hostile enchantments, extremely
stealthy
A: fangs 3, see invisible, unbreathing
a: Bat Form, Renounce Religion


You were on level 9 of the Dungeon.
You worshipped Dithmenos.
Dithmenos was aware of your devotion.
You were bloodless.

You visited 2 branches of the dungeon, and saw 10 of its levels.

You collected 380 gold pieces.
You spent 188 gold pieces at shops.

Inventory:

Hand Weapons
 a - a +1 dagger (weapon)
Missiles
 C - 4 tomahawks (quivered)
Armour
 b - a +1 robe
 h - a +0 pair of boots (worn)
 i - a +0 helmet (worn)
 A - a +3 leather armour (worn)
 F - a +0 cloak (worn)
Jewellery
 f - a +3 ring of strength
 n - a ring of wizardry (right hand)
 H - a +5 ring of slaying (left hand)
Wands
 u - a wand of slowing (21/48)
 w - a wand of lightning (7/15)
 y - a wand of disintegration (12/24)
 I - a wand of teleportation (0/9)
 K - a wand of digging (12/24)
Scrolls
 e - a scroll of blinking {unknown}
 g - 5 scrolls of remove curse
 m - 3 scrolls of enchant armour {unknown}
 p - a scroll of acquirement {unknown}
 q - a scroll of fear {unknown}
 r - a scroll of identify
 s - 4 scrolls of teleportation
 t - a scroll of fog {unknown}
 x - a scroll of random uselessness {unknown}
 z - 3 scrolls of magic mapping
Potions
 d - 16 potions of blood
 j - 4 potions of agility
 k - 2 potions of heal wounds
 l - 4 potions of curing
 o - a potion of magic
 v - 2 potions of resistance
 B - a potion of might
 D - a potion of haste
 E - a potion of invisibility {unknown}
 G - 2 potions of flight
 J - a potion of cancellation {unknown}
Books
 c - a book of Maledictions

   Spells                             Type                      Level
   a - Corona                         Hexes                        1
   b - Ensorcelled Hibernation        Hexes/Ice                    2
   c - Confuse                        Hexes                        3
   d - Tukima's Dance                 Hexes                        3
   e - Dazzling Spray                 Conjuration/Hexes            3


   Skills:
 + Level 1.5 Fighting
 - Level 10.0 Short Blades
 * Level 4.7 Dodging
 + Level 11.3 Stealth
 + Level 6.2 Spellcasting
 + Level 10.2 Hexes
 + Level 2.4 Invocations


You had 15 spell levels left.
You knew the following spells:

 Your Spells              Type           Power        Failure   Level  Hunger
a - Corona                Hex            ######.      1%          1    None
b - Ensorcelled Hibernat  Hex/Ice        ####..       1%          2    None
c - Confuse               Hex            ######..     1%          3    #......


Dungeon Overview and Level Annotations

Branches:
Dungeon (9/15)             Temple (1/1) D:7
   Lair: D:8-11         Orc: D:9-12

Altars:
Ashenzari
Cheibriados
Dithmenos
Elyvilon
Fedhas
Gozag
Kikubaaqudgha
Makhleb
Nemelex Xobeh
Okawaru
Pakellas
Qazlal
Ru
Sif Muna
Trog
Vehumet
Xom
Yredelemnul
Zin
The Shining One

Shops:
D:8 ?


Innate Abilities, Weirdness & Mutations

You do not heal naturally.
You are immune to poison.
You have razor-sharp teeth.
You have supernaturally acute eyesight.
You can survive without breathing.


Message History

Aiming: Ensorcelled Hibernation
Press: ? - help, Shift-Dir - straight line, f/p - queen ant
Aim: a queen ant (umbra, chance to defeat MR: 24%)
The queen ant resists with almost no effort.
The queen ant stings you but does no damage.
Casting: Ensorcelled Hibernation
Confirm with . or Enter, or press ? or * to list all spells.
Aiming: Confuse
Press: ? - help, Shift-Dir - straight line, f/p - queen ant
Aim: a queen ant (umbra, chance to defeat MR: 38%)
The queen ant resists with some effort.
The queen ant stings you!
* * * LOW HITPOINT WARNING * * *
You see here a soldier ant corpse.
Evoke which item? (* to show all) (? for menu, Esc to quit)
Zapping:
I - a wand of teleportation (will waste charges)
Press: ? - help, Shift-Dir - straight line, f - you, p - queen ant You feel strangely unstable.
Evoking this partially-identified wand wasted a few charges.
The queen ant stings you!
You die...

######†.##
#.####....#
...........#
##.######..#
##.## #..#
#†##
##########a#
.........@.#
.#####.####
#.# #.# #.#
#.# #.# #.#
#.#


You could see a queen ant.

Vanquished Creatures
  Joseph (D:8)
  The ghost of zombieskiler the Skirmisher, an amateur MiBe of Trog (D:4)
  Grum (D:8)
  A hippogriff (D:8)
  4 wolves (D:8)
  A water moccasin (D:7)
  9 soldier ants (D:9)
  3 orc warriors
  3 ice beasts
  A necrophage (D:8)
  A sky beast (D:6)
  An eye of draining (D:8)
  4 ogres
  6 centaurs
  A giant frog (D:8)
  A water moccasin skeleton (D:6)
  8 wights
  A crimson imp (D:5)
  2 centaur zombies
  A jelly (D:8)
  A giant frog zombie (D:6)
  2 orc priests
  Crazy Yiuf (D:7)
  Terence (D:3)
  3 giant frog skeletons
  4 orc wizards
  11 worker ants
  A killer bee zombie (D:5)
  4 hound zombies
  A worker ant zombie (D:7)
  3 gnolls (D:2)
  9 adders
  2 shadow imps
  An adder zombie (D:5)
  4 worms
  5 giant geckos
  25 orcs
  3 giant cockroaches
  5 goblins
  8 hobgoblins
  2 jackals (D:1)
  5 kobolds
  6 quokkas
  A ball python (D:3)
  A ball python skeleton (D:5)
  7 bats
  A giant gecko skeleton (D:7)
  4 giant newts
  A quokka skeleton (D:7)
  8 rats
  A fungus (D:7)
182 creatures vanquished.

Notes
Turn   | Place    | Note
--------------------------------------------------------------
     0 | D:1      | Minkie the Vampire Enchanter began the quest for the Orb.
     0 | D:1      | Reached XP level 1. HP: 13/13 MP: 3/3
     6 | D:1      | Noticed a lindwurm
     6 | D:1      | Noticed a polar bear
     6 | D:1      | Noticed a fire drake
     6 | D:1      | Noticed a black mamba
     6 | D:1      | Noticed a wolf
   235 | D:1      | Reached XP level 2. HP: 17/19 MP: 5/5
   249 | D:1      | Learned a level 2 spell: Ensorcelled Hibernation
   967 | D:1      | Reached XP level 3. HP: 20/24 MP: 3/6
  1435 | D:2      | Reached skill level 5 in Stealth
  1922 | D:2      | Reached XP level 4. HP: 30/30 MP: 2/7
  2114 | D:2      | Reached skill level 5 in Hexes
  2383 | D:3      | Noticed Terence
  2486 | D:3      | Learned a level 3 spell: Confuse
  2527 | D:3      | Killed Terence
  2597 | D:3      | Reached XP level 5. HP: 35/35 MP: 3/8
  3812 | D:4      | Noticed zombieskiler's ghost (amateur MiBe)
  3868 | D:4      | Killed zombieskiler's ghost
  3868 | D:4      | Reached skill level 6 in Stealth
  3868 | D:4      | Reached XP level 6. HP: 26/41 MP: 6/10
  4581 | D:5      | Entered Level 5 of the Dungeon
  4630 | D:5      | Reached skill level 5 in Short Blades
  4630 | D:5      | Reached XP level 7. HP: 46/46 MP: 7/12
  4993 | D:5      | Reached skill level 7 in Stealth
  5105 | D:5      | Found a burning altar of Makhleb.
  5281 | D:6      | Reached XP level 8. HP: 52/52 MP: 10/14
  5473 | D:6      | Reached skill level 8 in Stealth
  5600 | D:6      | Found a shimmering altar of Xom.
  5600 | D:6      | Found a sacrificial altar of Ru.
  6262 | D:7      | Noticed Crazy Yiuf
  6268 | D:7      | Killed Crazy Yiuf
  6507 | D:7      | Reached skill level 9 in Stealth
  6845 | D:7      | Reached XP level 9. HP: 57/57 MP: 16/16
  6846 | D:7      | Reached skill level 5 in Spellcasting
  6904 | D:7      | Found a staircase to the Ecumenical Temple.
  6909 | Temple   | Entered the Ecumenical Temple
  7013 | Temple   | Became a worshipper of Dithmenos the Shadowed
  7320 | D:8      | Found Osutoer's Magic Scroll Emporium.
  7320 | D:8      | Noticed Joseph
  7336 | D:8      | Killed Joseph
  7336 | D:8      | Reached skill level 10 in Stealth
  7447 | D:8      | Bought a scroll of identify for 26 gold pieces
  7447 | D:8      | Bought a scroll of identify for 26 gold pieces
  7447 | D:8      | Bought a scroll of identify for 26 gold pieces
  7447 | D:8      | Bought a scroll of teleportation for 39 gold pieces
  7447 | D:8      | Bought a scroll of identify for 26 gold pieces
  7447 | D:8      | Bought a scroll of magic mapping for 45 gold pieces
  7655 | D:8      | Reached * piety under Dithmenos
  7843 | D:8      | Noticed Grum
  7856 | D:8      | Killed Grum
  7856 | D:8      | Reached skill level 1 in Invocations
  7875 | D:8      | Reached skill level 10 in Hexes
  7875 | D:8      | Reached XP level 10. HP: 50/63 MP: 0/18
  8206 | D:8      | Reached skill level 11 in Stealth
  8285 | D:8      | Reached skill level 10 in Short Blades
  8664 | D:9      | Noticed a queen ant
  8665 | D:9      | Reached skill level 1 in Fighting
  8978 | D:9      | Slain by a queen ant

Vault maps used:
D:1:      onia_arrival_zoo_common
D:3:      uniq_terence
D:4:      minmay_misc_feat_room, minmay_strange_pillars
D:5:      first_bread, bloody_makhleb
D:6:      gammafunk_temple_overflow_statue
D:7:      minmay_temple_entry_nine_rooms, uniq_crazy_yiuf_cottage
D:8:      serial_shops, shop, uniq_grum, uniq_joseph
D:9:      dpeg_lair_monsters, grunt_livestock, minivault_29, uniq_erolcha
Temple:   kilobyte_greek_temple_18

Action                   |  1- 3 |  4- 6 |  7- 9 | 10-12 || total
-------------------------+-------+-------+-------+-------++-------
Melee: Dagger            |   125 |    76 |   224 |    37 ||   462
 Cast: Ensorcelled Hiber |     5 |    33 |    68 |    30 ||   136
       Confuse           |       |     3 |    28 |    10 ||    41
Evoke: Wand              |       |       |       |     1 ||     1
  Use: Scroll            |       |       |    13 |       ||    13
 Stab: Sleeping          |    13 |    22 |    65 |    19 ||   119
       Confused          |       |     4 |    18 |     3 ||    25
       Distracted        |       |       |     2 |       ||     2
